 Dungeon Crawl Stone Soup version 0.22.1 (webtiles) character file.

4008 senseless the Destroyer (level 10, -1/69 HPs)
             Began as a Red Draconian Conjurer on Sept 14, 2018.
             Was a Follower of Hepliaklqana.
             Slain by a two-headed ogre
             ... wielding a +0 giant club
              (23 damage)
             ... on level 8 of the Dungeon on Sept 19, 2018.
             The game lasted 01:02:39 (7675 turns).

senseless the Destroyer (Red Draconian Conjurer)    Turns: 7675, Time: 01:02:40

Health: -1/69      AC: 10    Str: 10    XL:     10   Next: 3%
Magic:  16/20      EV: 14    Int: 19    God:    Hepliaklqana [*.....]
Gold:   295        SH:  0    Dex: 12    Spells: 12/23 levels left

rFire    + . .     SeeInvis .   y - +1 dire flail (protect)
rCold    . . .     Gourm    .   (shield currently unavailable)
rNeg     . . .     Faith    .   (armour unavailable)
rPois    .         Spirit   .   (helmet restricted)
rElec    .         Reflect  .   (no cloak)
rCorr    .         Harm     .   (no gloves)
MR       .....                  (no boots)
Stlth    ++........             g - amulet of magic regeneration
HPRegen  0.21/turn              n - +3 ring of protection
MPRegen  0.42/turn              r - ring of wizardry

@: lethally poisoned (-1 -> -2)
A: breathe fire, unfitting armour, reduced essence, fire resistance 1,
cold-blooded, AC +7
a: Breathe Fire, Recall Ancestor, Ancestor Identity, Renounce Religion


You were on level 8 of the Dungeon.
You worshipped Hepliaklqana.
Hepliaklqana was aware of your devotion.
You were not hungry.

You visited 1 branch of the dungeon, and saw 8 of its levels.
You also visited: Sewer.

You collected 295 gold pieces.

Inventory:

Hand Weapons
 j - a +2 vampiric dagger
 m - a +3 flail
 u - a +2 rapier of venom
 y - a +1 dire flail of protection (weapon)
 A - a +2 great sword
 C - a +3 war axe
Jewellery
 g - an amulet of magic regeneration (around neck)
 n - a +3 ring of protection (left hand)
 p - an uncursed ring of positive energy
 r - a ring of wizardry (right hand)
 z - an uncursed ring of poison resistance
 B - a +5 ring of strength
Wands
 a - a wand of flame (58)
 x - a wand of polymorph (20)
Scrolls
 o - 5 scrolls of remove curse
 s - a scroll of blinking
 w - a scroll of enchant armour
 G - a scroll of enchant weapon
Potions
 c - a potion of invisibility
 d - a potion of lignification {unknown}
 e - 4 potions of magic
 f - 2 potions of resistance
 h - 3 potions of might
 i - 4 potions of heal wounds
 k - a potion of degeneration {unknown}
 l - 3 potions of brilliance
 q - 3 potions of curing
 t - a potion of cancellation {unknown}
 v - a potion of agility {unknown}
 D - a potion of experience {unknown}
Comestibles
 b - 9 rations
 E - 8 chunks of flesh


   Skills:
 + Level 3.3 Fighting
 + Level 3.3 Short Blades
 + Level 5.3 Maces & Flails
 + Level 5.0 Dodging
 + Level 3.8 Stealth
 + Level 7.2 Spellcasting
 + Level 8.7 Conjurations


You had 12 spell levels left.
You knew the following spells:

 Your Spells              Type           Power        Failure   Level  Hunger
a - Magic Dart            Conj           ####         1%          1    None
b - Searing Ray           Conj           #####.       1%          2    None
c - Iskenderun's Mystic   Conj           #####...     1%          4    ###....
d - Force Lance           Conj/Tloc      ###.....     6%          4    ###....

Your spell library contained the following spells:

 Spells                   Type           Power        Failure   Level  Hunger
 Dazzling Spray           Conj/Hex       ###...       1%          3    #......
 Confusing Touch          Hex            #.....       4%          1    None
 Fulminant Prism          Conj/Hex       ###.......   6%          4    ###....
 Confuse                  Hex            #.......     12%         3    #......
 Gell's Gravitas          Tloc           #.........   12%         3    #......
 Petrify                  Tmut/Erth      #.......     36%         4    ###....
 Metabolic Englaciation   Hex/Ice        #.........   69%         5    #####..
 Yara's Violent Unravell  Hex/Tmut       #.........   69%         5    #####..


Dungeon Overview and Level Annotations

Branches:
Dungeon (8/15)             Temple (0/1) D:6
   Lair: D:8-11

Altars:
Elyvilon
Fedhas
Gozag
Hepliaklqana
Makhleb
Nemelex Xobeh
Qazlal
Xom
Zin
The Shining One

Annotations:
D:7 1 runed door


Innate Abilities, Weirdness & Mutations

You can breathe blasts of fire.
Your fiery red scales are hard. (AC +7)
You cannot fit into any form of body armour.
Your flesh is heat resistant. (rF+)
You are cold-blooded and may be slowed by cold attacks.
Your life essence is reduced to manifest your ancestor. (-10% HP)


Message History

The searing ray hits the two-headed ogre.
The two-headed ogre is lightly wounded.
The searing ray hits the two-headed ogre.
The two-headed ogre is moderately wounded.
Xiuhtonal completely misses the two-headed ogre.
The searing ray hits the two-headed ogre.
The two-headed ogre is heavily wounded.
You finish channeling your searing ray.
You feel sick.
The two-headed ogre hits you with a giant club!
The two-headed ogre misses you.
Xiuhtonal hits the two-headed ogre.
Casting: Searing Ray (safe; 1% risk of failure)
Confirm with . or Enter, or press ? or * to list all spells.
Aiming: Magic Dart (safe; 1% risk of failure)
Press: ? - help, Shift-Dir - straight line, f/p - two-headed ogre
Aim: a two-headed ogre, wielding a giant club and a giant spiked club (heavily The magic dart hits the two-headed ogre.
The two-headed ogre is severely wounded.
The two-headed ogre hits you with a giant club!
The two-headed ogre hits you with a giant spiked club!!
You die...

# #. ..##.#
#.y#####.#.# ####.##.#
#.a.<....... ..#.##.#
#.........## #.#.##.#
#...###..##
#.#.##.####### #...
#....R####............#
.<...
#.≈≈≈O†...........###.#
!#.#..
#.≈⌠≈.@###.........##.#
. ..... #......#
#..........#.# .#.#..
#.....## #.....[.......
###.#. #.......<..#.#
#... ....#.......##.#
#.#. ###.##.....###..
... ..##....## #.. . #.
........## ###
.......###


You could see the friendly Xiuhtonal the ancestor and a two-headed ogre.

Vanquished Creatures
  A troll (D:7)
  A hippogriff (D:7)
  Sigmund (D:6)
  Eustachio (D:4)
  Edmund (D:6)
  An orc warrior (D:8)
  3 phantoms
  A black bear (D:7)
  An ice beast (D:8)
  2 ogres
  2 big kobolds (Sewer)
  The ghost of kalagan the Firebug, an amateur DEFE (D:3)
  Blork the orc (D:4)
  7 killer bees
  3 wights (D:7)
  3 crimson imps
  2 hounds
  2 bullfrog skeletons
  3 orc priests
  A gnoll shaman (D:7)
  A centaur skeleton (D:4)
  3 iguanas
  Ijyb (D:4)
  Natasha (D:3)
  4 orc wizards
  5 worker ants
  A killer bee zombie (D:7)
  A hound zombie (D:5)
  2 hound skeletons
  8 adders
  3 gnolls (D:7)
  A shadow imp (D:8)
  2 oozes (Sewer)
  An adder skeleton (D:6)
  A worm (D:5)
  A dart slug (D:3)
  2 leopard geckos
  18 orcs
  10 giant cockroaches
  15 goblins
  A hobgoblin (D:3)
  13 jackals
  16 kobolds
  2 quokkas
  4 ball pythons
  4 bats
  5 frilled lizards
  A giant cockroach zombie (D:6)
  A quokka skeleton (D:4)
  10 rats
  A butterfly (D:7)
177 creatures vanquished.

Vanquished Creatures (collateral kills)
  Duvessa (D:6)
  A sky beast (D:5)
  An ice beast (D:6)
  A centaur (D:7)
  Dowan (D:6)
  A scorpion (D:7)
  A killer bee (D:8)
  A wight (D:7)
  2 crimson imps
  A jelly (D:8)
  An iguana (D:4)
  3 worker ants (D:7)
  2 gnolls (D:7)
  An ooze (D:6)
  An adder skeleton (D:7)
  3 orcs
22 creatures vanquished.

Vanquished Creatures (others)
  A hound (D:4)
  2 worker ants (D:4)
  7 ancestors
  A fungus (Sewer)
11 creatures vanquished.

Grand Total: 210 creatures vanquished

Notes
Turn   | Place    | Note
-------+----------+-------------------------------------------
     0 | D:1      | senseless the Draconian Conjurer began the quest for the
                  | Orb.
     0 | D:1      | Reached XP level 1. HP: 14/14 MP: 3/3
   311 | D:1      | Reached XP level 2. HP: 20/20 MP: 3/5
   445 | D:1      | Learned a level 2 spell: Searing Ray
   945 | D:2      | Reached XP level 3. HP: 26/26 MP: 2/6
  1277 | D:2      | Reached skill level 5 in Conjurations
  1381 | D:2      | Found a sparkling altar of Nemelex Xobeh.
  1383 | D:2      | Found a glowing golden altar of the Shining One.
  1386 | D:2      | Found an opulent altar of Gozag.
  1386 | D:2      | Found a blossoming altar of Fedhas.
  1386 | D:2      | Found a white marble altar of Elyvilon.
  1582 | D:3      | Found a glowing silver altar of Zin.
  1611 | D:3      | Found a glowing drain.
  1641 | Sewer    | Entered a sewer
  1684 | Sewer    | Reached XP level 4. HP: 33/33 MP: 5/7
  1758 | Sewer    | Noticed a big kobold
  1800 | Sewer    | Killed a big kobold
  1800 | Sewer    | Reached skill level 1 in Short Blades
  1800 | Sewer    | Reached XP level 5. HP: 20/38 MP: 4/9
  2179 | D:3      | Found a runed door.
  2182 | D:3      | Noticed Natasha
  2186 | D:3      | Killed Natasha
  2186 | D:3      | Reached XP level 6. HP: 45/45 MP: 6/11
  2200 | D:3      | Noticed kalagan's ghost (amateur DEFE)
  2219 | D:3      | You fall through a shaft for 2 floors!
  2219 | D:5      | Entered Level 5 of the Dungeon
  2623 | D:3      | Found a stormy altar of Qazlal.
  2871 | D:3      | Killed kalagan's ghost
  2871 | D:3      | Reached skill level 6 in Conjurations
  3135 | D:4      | Found a burning altar of Makhleb.
  3217 | D:4      | Reached skill level 1 in Fighting
  3217 | D:4      | Your scales start taking on a fiery red colour.
  3217 | D:4      | Reached XP level 7. HP: 49/52 MP: 1/13
  3217 | D:4      | Gained mutation: Your flesh is heat resistant. (rF+) [Red
                  | Draconian growth]
  3248 | D:4      | Found a shimmering altar of Xom.
  3266 | D:4      | Found a hazy altar of Hepliaklqana.
  3287 | D:4      | Became a worshipper of Hepliaklqana the Forgotten
  3348 | D:4      | Learned a level 4 spell: Iskenderun's Mystic Blast
  3522 | D:4      | Noticed Blork the orc
  3544 | D:4      | Killed Blork the orc
  3600 | D:4      | Noticed Eustachio
  3617 | D:4      | Killed Eustachio
  3669 | D:4      | Noticed Ijyb
  3683 | D:4      | Killed Ijyb
  3683 | D:4      | Reached skill level 5 in Spellcasting
  3683 | D:4      | Reached skill level 7 in Conjurations
  3959 | D:5      | Reached XP level 8. HP: 53/53 MP: 15/15
  4386 | D:5      | Upgraded the game from 0.22.0-75-g3901e79 to 0.22.1
  4474 | D:5      | Reached skill level 1 in Maces & Flails
  4756 | D:6      | Reached * piety under Hepliaklqana
  4800 | D:6      | Found the +0 Maxwell's etheric cage {RegenMP+ *Contam rElec
                  | MP+4}
  4808 | D:6      | Noticed Edmund
  4822 | D:6      | Killed Edmund
  4994 | D:6      | Noticed Sigmund
  5003 | D:6      | Killed Sigmund
  5012 | D:6      | Found a staircase to the Ecumenical Temple.
  5188 | D:6      | Noticed Duvessa
  5190 | D:6      | Noticed Dowan
  5203 | D:6      | Killed Duvessa
  5206 | D:6      | Killed Dowan
  5341 | D:6      | Reached XP level 9. HP: 60/60 MP: 13/18
  5569 | D:7      | Noticed a troll
  5727 | D:7      | Found a runed door.
  5730 | D:7      | Found a runed door.
  5848 | D:7      | Reached skill level 8 in Conjurations
  6088 | D:7      | Killed a troll
  6682 | D:7      | Reached skill level 5 in Maces & Flails
  6751 | D:8      | Noticed a two-headed ogre
  7207 | D:8      | Learned a level 4 spell: Force Lance
  7582 | D:8      | Reached XP level 10. HP: 69/69 MP: 9/20
  7583 | D:8      | Reached skill level 5 in Dodging
  7675 | D:8      | Slain by a two-headed ogre

Skill      XL: |  1  2  3  4  5  6  7  8  9 10 |
---------------+-------------------------------+-----
Dodging        | 2 3 4 5 |  5.0
Conjurations   | 5 6 7 8 |  8.7
Short Blades   | 1 2 3 |  3.3
Stealth        | 2 3 |  3.8
Spellcasting   | 3 4 5 6 7 |  7.2
Fighting       | 1 2 3 |  3.3
Maces & Flails | 3 5 |  5.3

Action                   |  1- 3 |  4- 6 |  7- 9 | 10-12 || total
-------------------------+-------+-------+-------+-------++-------
Melee: Unarmed           |     6 |       |       |       ||     6
       Club              |     3 |       |       |       ||     3
       Tailslap          |     1 |     4 |    12 |       ||    17
       Short sword       |    15 |    51 |    19 |       ||    85
       Dire flail        |       |       |   134 |     8 ||   142
 Cast: Magic Dart        |    65 |   113 |   246 |    14 ||   438
       Searing Ray       |     2 |     7 |    14 |     1 ||    24
       Iskenderun's Myst |       |       |    12 |       ||    12
       Force Lance       |       |       |     1 |       ||     1
Invok: Recall Ancestor   |       |       |     1 |       ||     1
  Use: Scroll            |     9 |       |    10 |       ||    19
       Potion            |       |       |     4 |       ||     4
 Stab: Distracted        |       |       |     3 |       ||     3
       Sleeping          |       |       |     2 |       ||     2
  Eat: Chunk             |     3 |       |     9 |       ||    12
       Ration            |       |     2 |     2 |       ||     4
Armor: Skin              |     6 |    40 |    96 |     2 ||   144
Dodge: Dodged            |    23 |    48 |   160 |    11 ||   242
